General information
- name: BNet
- type: Ladder 1vs1/FFA
- host: Battle.net
- saver: VELOX_NEB
map: TurtleRock
- players: 2
- length: 12:49
- speed: Fast
- version: 1.21 W3XP
- replay type: Public
» download(60 KB)
Players
team 1 (winner)
VELOX_NEB (
yellow | 98 APM | 1253 actions | 12:49)
3 Blademaster
1 Critical Strike
2 Wind Walk
2 Shadow Hunter
1 Hex
1 Healing Wave
» actions
| Assign group hotkey | 26 | |
| Basic commands | 104 | |
| Build / train | 50 | |
| ESC pressed | 5 | |
| Enter build submenu | 15 | |
| Enter hero's abilities submenu | 5 | |
| Right click | 638 | |
| Select / deselect | 245 | |
| Select group hotkey | 108 | |
| Use ability | 57 | |
1253 total
» units
| Peon | 10 | |
| Grunt | 7 | |
| Wind Rider | 2 | |
| Raider | 3 | |
| Shaman | 1 | |
23 total
» upgrades
| Pillage | 1 | |
| Berserker Strength | 1 | |
| Ensnare | 1 | |
| Shaman Training | 1 | |
| Melee Weapons | 2 | |
6 total
» buildings
| Altar of Storms | 1 | |
| Orc Burrow | 4 | |
| Barracks | 1 | |
| Voodoo Lounge | 1 | |
| Stronghold | 1 | |
| War Mill | 1 | |
| Beastiary | 1 | |
| Spirit Lodge | 1 | |
| Fortress | 1 | |
12 total
» build order
00:06 Altar of Storms
00:21 Orc Burrow
00:48 Barracks
02:28 Voodoo Lounge
02:36 Orc Burrow
03:41 Stronghold
04:22 Orc Burrow
06:26 War Mill
06:35 Beastiary
09:28 Spirit Lodge
10:52 Orc Burrow
11:02 Fortress
» items
| Healing Salve | 3 | |
| Lesser Clarity Potion | 3 | |
| Scroll of Speed | 2 | |
8 total
team 2 (loser)

»
makhno (
purple | 216 APM | 2735 actions | 12:41)
2 Far Seer
1 Feral Spirit
1 Chain Lighting
2 Beastmaster
1 Summon Quilbeast
1 Summon Hawk
» actions
| Assign group hotkey | 37 | |
| Basic commands | 201 | |
| Build / train | 57 | |
| ESC pressed | 6 | |
| Enter build submenu | 34 | |
| Enter hero's abilities submenu | 4 | |
| Give item / drop item | 5 | |
| Right click | 1086 | |
| Select / deselect | 485 | |
| Select group hotkey | 693 | |
| Use ability | 127 | |
2735 total
» units
| Peon | 8 | |
| Grunt | 10 | |
| Spirit Walker | 2 | |
20 total
» upgrades
| Berserker Strength | 1 | |
| Spirit Walker Training | 1 | |
2 total
» buildings
| Altar of Storms | 1 | |
| Orc Burrow | 6 | |
| War Mill | 3 | |
| Barracks | 2 | |
| Voodoo Lounge | 2 | |
| Stronghold | 5 | |
| Watch Tower | 2 | |
| Spirit Lodge | 1 | |
| Beastiary | 1 | |
23 total
» build order
00:13 Altar of Storms
00:22 Orc Burrow
01:08 Orc Burrow
01:10 Orc Burrow
01:26 War Mill
01:29 War Mill
01:57 Barracks
01:58 Barracks
03:21 Voodoo Lounge
04:02 Stronghold
04:02 Stronghold
04:25 Orc Burrow
05:40 Watch Tower
05:44 Watch Tower
06:04 Orc Burrow
07:23 Spirit Lodge
09:05 Beastiary
10:41 War Mill
11:11 Orc Burrow
11:55 Voodoo Lounge
» items
| Lesser Clarity Potion | 4 | |
| Healing Salve | 5 | |
| Scroll of Speed | 2 | |
| Potion of Lesser Invulnerability | 1 | |
| Scroll of Healing | 3 | |
15 total
Chat log
(03:29 / All) makhno: LLOL
(07:49 / All) makhno: ^^
(12:39 / All) makhno: gg